Map: 이터널 엠파이어 - 래더

Players

LiquidClem (Clem) - Winner!

  • Race: Terran Terran
  • Spawn Location: 1:00

Stats

  • Race: Protoss Protoss
  • Spawn Location: 7:00

Event: StayAtHomestory Cup #2

VOD

Have the link to the VOD?

Description

Time

  • Played on: June 12, 2020, 3:12 p.m.
  • Length: 7:25

All games in this series

Show
View Real Time Build Order
Export as new Build Order

LiquidClem Terran - Winner!

Build Orders:  

Get SALT Encoding   

  12  0:00  SCV  
  13  0:12  SCV  
  14  0:17  Supply Depot  
  14  0:25  SCV  
  15  0:38  SCV  
  15  0:39  Barracks  
  16  0:44  Refinery  
  16  0:50  SCV  
  17  1:02  SCV  
  18  1:15  SCV  
  19  1:26  Marine  
  19  1:27  Orbital Command  
  20  1:44  Command Center  
  20  1:54  Factory  
  20  1:57  SCV  
  21  2:03  Barracks Reactor  
  21  2:06  Refinery  
  21  2:09  SCV  
  22  2:19  Supply Depot  
  23  2:22  SCV  
  23  2:40  Starport  
  23  2:41  SCV  
  23  2:44  Hellion  
  26  2:45  Hellion  
  28  2:55  SCV  
  28  2:58  Orbital Command  
  28  3:05  Hellion  
  30  3:09  Hellion  
  32  3:14  SCV  
  32  3:17  Medivac  
  35  3:23  Supply Depot  
  35  3:26  SCV  
  36  3:29  SCV  
  37  3:35  Marine  
  37  3:36  Marine, Factory Tech Lab  
  37  3:38  SCV  
  40  3:41  SCV  
  40  3:47  Supply Depot  
  41  3:50  SCV  
  41  3:53  Marine  
  41  3:54  Marine  
  44  3:56  SCV  
  44  3:59  Siege Tank  
  48  4:07  SCV  
  49  4:13  Barracks  
  49  4:14  Barracks  
  49  4:20  Marine  
  46  4:24  SCV  
  46  4:25  Marine  
  46  4:26  SCV  
  49  4:36  SCV  
  49  4:37  Siege Tank  
  53  4:38  SCV  
  53  4:39  Engineering Bay  
  53  4:44  Marine x2, Bunker  
  56  4:50  SCV, Refinery  
  58  4:52  SCV  
  58  4:56  Supply Depot  
  58  5:02  Barracks Tech Lab x2  
  58  5:03  Marine x2  
  60  5:07  SCV  
  61  5:18  Siege Tank  
  61  5:20  Supply Depot  
  68  5:21  Marauder x2  
  68  5:22  SCV  
  68  5:26  Stimpack  
  68  5:27  Medivac  
  70  5:33  SCV  
  70  5:34  Marine  
  70  5:36  Supply Depot  
  70  5:41  SCV, Marine  
  74  5:43  Marauder  
  74  5:45  SCV  
  74  5:48  Marauder  
  77  5:53  SCV  
  76  5:57  SCV  
  76  5:59  Supply Depot  
  76  6:01  Marine x2  
  76  6:02  Factory Reactor  
  81  6:04  Marauder  
  81  6:05  SCV  
  81  6:09  SCV  
  81  6:10  Marauder  
  82  6:17  SCV  
  80  6:21  SCV  
  80  6:24  Marine x2  
  82  6:26  Refinery, Marauder  
  82  6:27  Starport Reactor  
  82  6:30  SCV  
  83  6:33  SCV  
  83  6:35  Marauder  
  83  6:36  Supply Depot  
  86  6:41  Marine  
  86  6:42  Marine  
  86  6:46  SCV  
  88  6:49  Marauder  
  88  6:51  Supply Depot  
  88  6:52  Widow Mine x2  
  93  6:58  Marauder, Supply Depot  
  93  7:00  Marine x2  
  101  7:13  SCV x2  
  101  7:22  Command Center  
Show
View Real Time Build Order
Export as new Build Order

Stats Protoss 

Build Orders: 1 Gate Expand, Blink Stalkers 

Get SALT Encoding   

  12  0:00  Probe  
  13  0:13  Probe  
  14  0:18  Pylon  
  14  0:23  Probe  
  15  0:32  Probe  
  15  0:37  Gateway  
  15  0:40  Probe  
  16  0:45  Assimilator  
  17  0:51  Probe  
  18  1:03  Probe  
  19  1:15  Probe  
  20  1:24  Cybernetics Core  
  20  1:32  Nexus  
  20  1:34  Probe  
  21  1:43  Pylon  
  21  1:47  Assimilator  
  21  1:49  Probe  
  21  1:51  Adept  
  22  2:01  Probe  
  23  2:06  Shield Battery  
  23  2:08  Warp Gate  
  25  2:11  Stalker  
  25  2:13  Probe  
  28  2:26  Probe  
  29  2:34  Twilight Council  
  29  2:38  Probe  
  29  2:40  Probe  
  30  2:50  Probe  
  30  2:51  Probe  
  32  2:52  Robotics Facility  
  33  3:02  Probe  
  33  3:03  Probe  
  35  3:10  Blink  
  35  3:14  Probe  
  35  3:15  Probe  
  37  3:21  Gateway  
  37  3:26  Probe  
  38  3:27  Probe  
  38  3:30  Gateway  
  39  3:38  Gateway  
  39  3:39  Probe  
  39  3:40  Probe  
  39  3:41  Observer  
  41  3:47  Pylon  
  42  3:52  Shield Battery  
  42  3:54  Probe x2  
  42  3:55  Warp Prism  
  44  3:57  Assimilator  
  41  4:11  Stalker  
  37  4:25  Probe x2  
  37  4:27  Stalker  
  39  4:39  Probe, Stalker  
  39  4:43  Probe  
  43  4:47  Probe  
  44  4:55  Probe  
  44  4:56  Observer  
  44  4:57  Probe  
  47  5:03  Pylon  
  47  5:09  Stalker x3  
  52  5:21  Probe x2  
  54  5:34  Stalker x3  
  60  5:36  Stalker  
  60  5:41  Pylon  
  62  5:50  Pylon  
  62  6:00  Stalker  
  62  6:01  Stalker x3  
  70  6:04  Pylon  
  70  6:08  Probe x2  
  64  6:26  Stalker  
  64  6:27  Stalker x2  
  64  6:31  Stalker  
  72  6:33  Probe  
  73  6:44  Observer  
  73  6:47  Probe x2  
  73  6:54  Pylon  
  75  6:58  Robotics Bay  
  75  6:59  Probe x2  
  77  7:04  Pylon  
  78  7:11  Probe x2  
  79  7:20  Assimilator  
Tags
 
Add a new tag
Caveats
  • Supply blocks, unpowered buildings, or Contaminate may cause inaccurate times.
  • Supply counts are checked every 10 seconds.